 Dungeon Crawl Stone Soup version bcrawl-1.13.2 (webtiles) character file.

Game seed: 2237638568811808680

80 Heliosone the Magician (level 4, -9/33 HPs)
             Began as an Oni Wizard on Aug 10, 2019.
             Killed from afar by an orc wizard (11 damage)
             ... with a magic dart
             ... on level 3 of the Dungeon.
             The game lasted 00:05:34 (2742 turns).

Heliosone the Magician (Oni Wizard)                 Turns: 2742, Time: 00:05:35

Health: -9/33      AC:  2    Str: 10    XL:     4   Next: 39%
Magic:  8/11       EV: 10    Int: 21    God:
Gold:   234        SH:  0    Dex:  9    Spells: 5/10 levels left

rFire    . . .     SeeInvis .   d - +0 spear
rCold    . . .     Gourm    .   (no shield)
rNeg     . . .     Faith    .   b - +0 animal skin
rPois    .         Spirit   .   c - +0 hat
rElec    .         Reflect  .   (no cloak)
rCorr    .         Harm     .   (no gloves)
MR       .....                  (no boots)
Stlth    +.........             (no amulet)
HPRegen  0.11/turn              g - ring of flight
MPRegen  0.12/turn              o - -2 ring of evasion (curse)

@: confused
A: oni magic, claws 1, fangs 1, horns 1
a: Evoke Flight


You were on level 3 of the Dungeon.
You were hungry.

You visited 1 branch of the dungeon, and saw 3 of its levels.

You collected 234 gold pieces.

Inventory:

Hand Weapons
 a - a +0 staff
 d - a +0 spear (weapon)
Armour
 b - a +0 animal skin (worn)
 c - a +0 hat (worn)
Jewellery
 g - a ring of flight (left claw)
 o - a cursed -2 ring of evasion (right claw)
Wands
 l - a wand of flame (11)
Scrolls
 i - a scroll of fear {unknown}
 j - 3 scrolls of remove curse {unknown}
 k - a scroll of teleportation {unknown}
 n - a scroll of identify {unknown}
 p - a scroll of immolation {unknown}
Potions
 e - a potion of invisibility {unknown}
 h - 2 potions of brilliance {unknown}
 m - a potion of curing {unknown}
Comestibles
 f - 6 rations {!d}


   Skills:
 - Level 0.2 Fighting
 - Level 0.2 Polearms
 - Level 1.7 Dodging
 - Level 1.7 Stealth
 + Level 3.5 Spellcasting


You had 5 spell levels left.
You knew the following spells:

 Your Spells              Type           Power        Failure   Level  Hunger
a - Magic Dart            Conj           ###.         2%          1    None
b - Call Imp              Summ           ###.....     3%          2    ##.....
c - Blink                 Tloc           N/A          3%          2    ##.....

Your spell library contained the following spells:

 Spells                   Type           Power        Failure   Level  Hunger
 Slow                     Hex            ###.....     2%          1    None
 Summon Butterflies       Summ           ###.....     2%          1    None
 Searing Ray              Conj           ###...       3%          2    ##.....
 Conjure Flame            Conj/Fire      ###.....     9%          3    ###....
 Mephitic Cloud           Conj/Pois/Air  ###.....     10%         3    ###....


Dungeon Overview and Level Annotations

Branches:
Dungeon (3/12)

Altars:


Innate Abilities, Weirdness & Mutations

You learn spells by gaining experience, not through books or religion.
You only train spellcasting to practice magic.
You have sharp fingernails.
You have very sharp teeth.
You have a pair of small horns on your head.


Message History

You are too injured to fight recklessly!
You closely miss something. Your headbutt misses something.
Something hits you but does no damage. x2
You miss something. Something hits you.
You closely miss something. Your headbutt misses something.
You hear some strange, mumbled words.
You are confused.
You closely miss something. Your bite misses something. Something hits you.
* * * LOW HITPOINT WARNING * * *
You bump into the rock wall.
Something hits you.
* * * LOW HITPOINT WARNING * * *
You bump into the rock wall.
Something hits you.
* * * LOW HITPOINT WARNING * * *
You miss something. Your headbutt misses something. Something hits you.
* * * LOW HITPOINT WARNING * * *
You're too confused to move!
You hear some strange, mumbled words.
A magic dart appears from out of thin air!
The magic dart hits you!
You die...

# '..
#...)##############
......o{@..........
#########.......:..
#..........
#...........
#............
.#######.........<..
.....[..##..........
........##..........
.#########..........


You could see an orc.

Vanquished Creatures
  2 adders (D:3)
  3 worms (D:2)
  7 leopard geckos
  3 orcs (D:3)
  A giant cockroach (D:1)
  2 goblins
  4 hobgoblins (D:1)
  2 jackals (D:2)
  9 kobolds
  3 bats
  3 frilled lizards
  4 rats
43 creatures vanquished.

Notes
Turn   | Place    | Note
-------+----------+-------------------------------------------
     0 | D:1      | Heliosone the Oni Wizard began the quest for the Orb.
     0 | D:1      | Reached XP level 1. HP: 14/14 MP: 5/5
   109 | D:1      | Reached XP level 2. HP: 20/20 MP: 3/7
   176 | D:1      | Learned a level 2 spell: Call Imp
   179 | D:1      | Learned a level 2 spell: Blink
   809 | D:1      | Reached XP level 3. HP: 24/26 MP: 9/9
  1270 | D:2      | Found a faded altar of an unknown god.
  1299 | D:2      | Reached skill level 3 in Spellcasting
  2600 | D:3      | Reached XP level 4. HP: 33/33 MP: 6/11
  2740 | D:3      | HP: 1/33 [something (1)]
  2742 | D:3      | Killed from afar by an orc wizard

Skill      XL: |  1  2  3 |
---------------+----------+-----
Spellcasting   | 3 |  3.5
Fighting       | |  0.2
Polearms       | |  0.2
Dodging        | |  1.7
Stealth        | |  1.7

Action                   |  1- 3 |  4- 6 || total
-------------------------+-------+-------++-------
Melee: Spear             |    47 |    17 ||    64
       Headbutt          |     3 |     2 ||     5
       Bite              |       |     4 ||     4
 Cast: Magic Dart        |    69 |    13 ||    82
 Stab: Sleeping          |     3 |       ||     3
  Eat: Chunk             |     5 |       ||     5
Armor: Animal skin       |     5 |     2 ||     7
Dodge: Dodged            |    19 |     4 ||    23
